 Dungeon Crawl Stone Soup version 0.29.1-1-gd02db6906a (webtiles) character file.

Game seed: 12110891931519769856

851 plokij the Trooper (level 7, -2/61 HPs)
             Began as a Minotaur Fighter on Oct 20, 2022.
             Slain by an orc warrior
             ... wielding a +0 dire flail
              (12 damage)
             ... on level 5 of the Dungeon.
             The game lasted 00:10:15 (5756 turns).

plokij the Trooper (Minotaur Fighter)               Turns: 5756, Time: 00:10:16

Health: -2/61      AC:  8    Str: 23    XL:     7   Next: 69%
Magic:  6/6        EV: 11    Int:  5    God:
Gold:   244        SH:  5    Dex: 15    Spells: 6/6 levels left

rFire   . . .      SeeInvis .   a - +0 war axe
rCold   . . .      Faith    .   c - +0 buckler
rNeg    . . .      Spirit   .   b - +0 scale mail
rPois   .          Reflect  .   (helmet restricted)
rElec   .          Harm     .   x - +0 cloak
rCorr   .          Rampage  .   (no gloves)
Will    .....                   (no boots)
Stlth   ..........              n - amulet of the acrobat
HPRegen 0.20/turn               e - +6 ring of dexterity
MPRegen 0.10/turn               (no ring)

@: no status effects
A: horns 2, retaliatory headbutt
a: no special abilities


You were on level 5 of the Dungeon.
You visited 1 branch of the dungeon, and saw 5 of its levels.
You also visited: Sewer.

You collected 244 gold pieces.

Inventory:

Hand Weapons
 a - a +0 war axe (weapon)
Armour
 b - a +0 scale mail (worn)
 c - a +0 buckler (worn)
 x - a +0 cloak (worn)
Jewellery
 e - a +6 ring of dexterity (left hand)
 n - an amulet of the acrobat (around neck)
Scrolls
 f - 2 scrolls of poison {unknown}
 g - 6 scrolls of identify {unknown}
 h - a scroll of noise {unknown}
 i - 2 scrolls of immolation {unknown}
 p - a scroll of teleportation {unknown}
 q - 2 scrolls of summoning {unknown}
 t - 2 scrolls of enchant armour {unknown}
Potions
 d - a potion of might
 j - 3 potions of degeneration {unknown}
 k - 3 potions of heal wounds {unknown}
 l - 2 potions of ambrosia {unknown}
 m - 4 potions of curing {unknown}
 o - 2 potions of cancellation {unknown}
 r - 2 potions of mutation {unknown}
 s - a potion of attraction {unknown}
 u - a potion of invisibility {unknown}
 v - a potion of brilliance {unknown}
 w - a potion of magic {unknown}


   Skills:
 + Level 5.6 Fighting
 + Level 5.5 Axes
 + Level 5.5 Armour
 * Level 4.7 Dodging
 + Level 5.5 Shields


You had 6 spell levels left.
You didn't know any spells.
Your spell library contained the following spells:

 Spells                   Type           Power      Damage    Failure   Level
 Slow                     Hex            0%         N/A       86%         1
 Ensorcelled Hibernation  Hex/Ice        0%         N/A       94%         2
 Passwall                 Tmut/Erth      0%         N/A       94%         2
 Confusing Touch          Hex            0%         N/A       99%         3
 Swiftness                Air            0%         N/A       99%         3
 Vampiric Draining        Necr           0%         2d6       99%         3


Dungeon Overview and Level Annotations

Branches:
Dungeon (5/15)              Sewer (visited)
 Temple: D:4-7

Altars:
Dithmenos
Nemelex Xobeh
Vehumet

Shops:
D:3 [   D:4 ?*!

Annotations:
D:5 3 runed translucent doors


Innate Abilities, Weirdness & Mutations

You have a pair of horns on your head.
You reflexively headbutt those who attack you in melee.


Message History

You climb downwards.
Level annotation: 3 runed translucent doors
There is a stone staircase leading up here.
An orc warrior comes into view. It is wielding a +0 dire flail.
The orc warrior shouts!
You block the orc warrior's attack.
You barely miss the orc warrior.
The orc warrior hits you with a +0 dire flail!
You slash the orc warrior!
You headbutt the orc warrior, but do no damage.
The orc warrior is heavily wounded.
You block the orc warrior's attack.
You hit the orc warrior but do no damage.
The orc warrior is heavily wounded.
The orc warrior hits you with a +0 dire flail!!
You hit the orc warrior.
The orc warrior is heavily wounded.
The orc warrior barely misses you. You furiously retaliate!
You headbutt the orc warrior. You block the orc warrior's attack.
You hit the orc warrior but do no damage.
You headbutt the orc warrior, but do no damage.
The orc warrior is severely wounded.
The orc warrior hits you but does no damage.
You barely miss the orc warrior.
You headbutt the orc warrior, but do no damage.
The orc warrior is severely wounded.
The orc warrior hits you with a +0 dire flail!
You hit the orc warrior. Your headbutt misses the orc warrior.
The orc warrior is almost dead.
You block the orc warrior's attack.
You hit the orc warrior but do no damage.
You headbutt the orc warrior, but do no damage.
The orc warrior is almost dead.
The orc warrior hits you with a +0 dire flail!
* * * LOW HITPOINT WARNING * * *
You block the orc warrior's attack.
You barely miss the orc warrior.
The orc warrior is almost dead.
The orc warrior hits you with a +0 dire flail!
You die...

#....# #### #....#
#.#.. #... ###
#..###D## #..
#.....h.. #.#
#O##.# #.# #S##o#
#.##.# #.##@#
#.#... #.##.#
#.#..# #.##.####
#>#..# #...#..>#
##.#..# ####.##.#
#......
#.##.########.#...
#.##...<..........
#)##..............
#.....#......#####


You could see an orc warrior.

Vanquished Creatures
  3 ogres
  A kobold brigand (Sewer)
  3 scorpions
  A howler monkey (D:5)
  A hound (D:5)
  2 quasits (D:5)
  5 adders
  2 river rats (Sewer)
  3 shadow imps
  2 white imps (D:5)
  6 ufetubi
  4 worms
  7 dart slugs
  6 bats
  8 endoplasms
  6 giant cockroaches
  7 goblins
  5 hobgoblins
  2 jackals (D:1)
  3 quokkas
  9 ball pythons
  2 frilled lizards (D:3)
  9 kobolds
  7 rats
104 creatures vanquished.

Vanquished Creatures (others)
  2 demonic plants (D:5)
2 creatures vanquished.

Grand Total: 106 creatures vanquished

Notes
Turn   | Place    | Note
-------+----------+-------------------------------------------
     0 | D:1      | plokij the Minotaur Fighter began the quest for the Orb.
     0 | D:1      | Reached XP level 1. HP: 19/19 MP: 0/0
   139 | D:1      | Reached XP level 2. HP: 26/27 MP: 1/1
   280 | D:1      | Reached skill level 1 in Dodging
   448 | D:1      | Found a faded altar of an unknown god.
   451 | D:1      | Reached XP level 3. HP: 29/33 MP: 2/2
  1925 | D:3      | Found a radiant altar of Vehumet.
  2159 | D:3      | Reached XP level 4. HP: 40/40 MP: 3/3
  2166 | D:3      | Found a glowing drain.
  2183 | Sewer    | Entered a sewer
  2660 | Sewer    | Noticed a kobold brigand
  2691 | Sewer    | Killed a kobold brigand
  2692 | Sewer    | Reached XP level 5. HP: 14/47 MP: 4/4
  3029 | D:3      | Found Homyv's Antique Armour Emporium.
  4163 | D:4      | Found Biti's Distillery.
  4180 | D:4      | Found a shadowy altar of Dithmenos.
  4327 | D:4      | Noticed an ogre
  4336 | D:4      | Killed an ogre
  4337 | D:4      | Reached XP level 6. HP: 53/53 MP: 5/5
  4380 | D:4      | Found Afaguen's General Store.
  4400 | D:4      | Found Hestee's Magic Scroll Emporium.
  4468 | D:4      | Found a sparkling altar of Nemelex Xobeh.
  4762 | D:5      | Entered Level 5 of the Dungeon
  5137 | D:5      | Reached skill level 5 in Axes
  5146 | D:5      | Reached skill level 5 in Fighting
  5146 | D:5      | Reached skill level 5 in Armour
  5146 | D:5      | Reached skill level 5 in Shields
  5149 | D:5      | Reached XP level 7. HP: 55/61 MP: 6/6
  5358 | D:5      | Noticed a two-headed ogre
  5358 | D:5      | Noticed a steam dragon
  5446 | D:5      | Found a runed translucent gate.
  5446 | D:5      | Found a runed translucent gate.
  5446 | D:5      | Found a runed translucent gate.
  5756 | D:5      | Slain by an orc warrior

Illustrated notes

Levels and vault maps discovered:
D:1:      dpeg_arrival_more_subterranean_lakeside_camping, layout_basic,
          basic_ecumenical_altar, hangedman_decor_growths
D:2:      layout_loops_ring, kennysheep_cross_room
D:3:      layout_basic, general_overflow_altar, serial_shops,
          nicolae_shop_advertising_works [nicolae_subvault_shop_adworks],
          portal_sewer_entry_f, grunt_ministairs_12,
          nicolae_concentric_dashed_squares_wild
D:4:      layout_basic, nemelex_diamond_rough_becter,
          mainiacjoe_overflow_tiny_flanked, serial_shops, nicolae_square_shop,
          kennysheep_mini_moat, nicolae_shop_crystal
D:5:      layout_loops_ring, nicolae_ru_path_of_blood, serial_demonic,
          serial_demonic_d, serial_demonic_a, serial_demonic_a,
          serial_demonic_f, gammafunk_ghost_icy, minmay_manual_monstrance

Skill      XL: |  1  2  3  4  5  6  7 |
---------------+----------------------+-----
Axes           | 3 4 5 |  5.5
Dodging        | 1 2 3 4 |  4.7
Fighting       | 4 5 |  5.6
Shields        | 4 5 |  5.5
Armour         | 4 5 |  5.5

Action                   |  1- 3 |  4- 6 |  7- 9 || total
-------------------------+-------+-------+-------++-------
Melee: War axe           |    88 |   140 |    53 ||   281
       Headbutt          |    11 |    16 |    11 ||    38
Armor: Scale mail        |    32 |    54 |    17 ||   103
Dodge: Dodged            |    52 |    96 |    41 ||   189
Block: Buckler           |    14 |    37 |    16 ||    67
